 Dungeon Crawl Stone Soup version 0.21.0 (webtiles) character file.

26 Arma the Caller (level 3, 0/24 HPs)
             Began as a Merfolk Summoner on Apr 1, 2018.
             Slain by an adder (2 damage)
             ... on level 2 of the Dungeon.
             The game lasted 00:11:06 (1737 turns).

Arma the Caller (Merfolk Summoner)                  Turns: 1737, Time: 00:11:06

Health: 0/24       AC:  2    Str:  8    XL:     3   Next: 8%
Magic:  2/6        EV: 13    Int: 15    God:
Gold:   12         SH:  0    Dex: 14    Spells: 0/6 levels left

rFire    . . .     SeeInvis .   (no weapon)
rCold    . . .     Gourm    .   (no shield)
rNeg     . . .     Faith    .   a - +0 robe
rPois    .         Spirit   .   (no helmet)
rElec    .         Reflect  .   (no cloak)
rCorr    .         Harm     .   (no gloves)
MR       .....                  (no boots)
Stlth    ++........             (no amulet)
HPRegen  0.08/turn              (no ring)
MPRegen  0.10/turn              (no ring)

@: lethally poisoned (0 -> -10), very slightly contaminated
A: change form in water, swift swim, stealthy swim
a: no special abilities


You were on level 2 of the Dungeon.
You were hungry.

You visited 1 branch of the dungeon, and saw 2 of its levels.

You collected 12 gold pieces.

Inventory:

Armour
 a - a +0 robe (worn)
Scrolls
 d - 4 scrolls of immolation {unknown}
 e - a scroll of teleportation {unknown}
Potions
 f - a potion of brilliance {unknown}
 g - 2 potions of lignification {unknown}
Books
 b - a book of Callings

   Spells                             Type                      Level
   a - Summon Small Mammal            Summoning                    1
   b - Call Imp                       Summoning                    2
   c - Call Canine Familiar           Summoning                    3
   d - Summon Guardian Golem          Hexes/Summoning              3
   e - Summon Lightning Spire         Summoning/Air                4
   f - Summon Ice Beast               Ice/Summoning                4
Comestibles
 c - a ration


   Skills:
 + Level 2.8 Dodging
 * Level 2.8 Stealth
 + Level 0.3 Unarmed Combat
 * Level 2.0 Spellcasting
 * Level 4.5 Summonings


You couldn't memorise any spells.
You knew the following spells:

 Your Spells              Type           Power        Failure   Level  Hunger
a - Summon Small Mammal   Summ           ###.         3%          1    #......
b - Call Imp              Summ           ###.....     4%          2    ###....
c - Summon Guardian Gole  Hex/Summ       #.......     26%         3    ###....


Dungeon Overview and Level Annotations

Branches:
Dungeon (2/15)

Altars:


Message History

You hit the adder.
The adder is heavily wounded.
You feel sick. The adder misses you.
You miss the adder.
The adder is heavily wounded.
You feel sick. The adder barely misses you. The adder closely misses you.
You barely miss the adder.
The adder is heavily wounded.
You feel sick. The bat hits you. The adder bites you.
* * * LOW HITPOINT WARNING * * *
You closely miss the adder.
The adder is heavily wounded.
* * * LOW HITPOINT WARNING * * *
You feel sick. The adder bites you.
* * * LOW HITPOINT WARNING * * *
You closely miss the adder.
The adder is heavily wounded.
* * * LOW HITPOINT WARNING * * *
You feel sick. The bat hits you but does no damage. The adder bites you.
You die...

...................
......############.#####
..... ##...##.#####
...... #.....#......
...... #.....#.....#
......######.....#.###.#
....)......#.....#.###.#
.......8................
......S@..........^....#
##......b..#.....).....#
#.?.......#.###.....#..
#.........#+# #.....##.
#........... #.....##.
#............ ......###
#..............##......
#.............. ..####
..# #


You could see an adder, a bat and a friendly guardian golem.

Vanquished Creatures
  A dart slug (D:1)
  A goblin (D:1)
  2 frilled lizards
  3 rats (D:1)
7 creatures vanquished.

Vanquished Creatures (collateral kills)
  An ooze (D:1)
  2 dart slugs
  A leopard gecko (D:1)
  2 bats
  A giant cockroach (D:1)
  4 hobgoblins
  A jackal (D:2)
  A frilled lizard (D:2)
  2 goblins (D:1)
  3 kobolds (D:2)
  2 rats (D:1)
20 creatures vanquished.

Grand Total: 27 creatures vanquished

Notes
Turn   | Place    | Note
-------+----------+-------------------------------------------
     0 | D:1      | Arma the Merfolk Summoner began the quest for the Orb.
     0 | D:1      | Reached XP level 1. HP: 13/13 MP: 3/3
   708 | D:1      | Reached XP level 2. HP: 4/19 MP: 1/5
   949 | D:1      | Learned a level 2 spell: Call Imp
  1541 | D:2      | Reached XP level 3. HP: 19/24 MP: 3/6
  1659 | D:2      | Learned a level 3 spell: Summon Guardian Golem
  1737 | D:2      | Slain by an adder

Action                   || total
-------------------------++-------
Melee: Unarmed           ||    76
 Cast: Summon Small Mamm ||    16
       Call Imp          ||    14
       Summon Guardian G ||     1
 Stab: Distracted        ||     2
       Sleeping          ||     2
  Eat: Ration            ||     1
Armor: Robe              ||    13
Dodge: Dodged            ||    72
